 Dungeon Crawl Stone Soup version 0.18-a0-1805-g8ab820f (webtiles) character file.

53 M4edhros the Sneak (level 3, 0/23 HPs)
             Began as an Octopode Artificer on Apr 26, 2016.
             Killed from afar by Natasha (11 damage)
             ... with a magic dart
             ... on level 2 of the Dungeon.
             The game lasted 00:01:12 (1568 turns).

M4edhros the Sneak (Octopode Artificer)             Turns: 1568, Time: 00:01:13

Health: 0/23       AC:  1    Str: 10    XL:     3   Next: 87%
Magic:  5/5        EV: 10    Int: 14    God:
Gold:   66         SH:  7    Dex: 13    Spells: 0 memorised, 2 levels left

rFire  . . .     SeeInvis .     a - +0 short sword
rCold  . . .     Gourm    .     k - +0 shield
rNeg   . . .     Faith    .     (helmet restricted)
rPois  .         Spirit   .     (no amulet)
rElec  .         Dismiss  .     (no ring)
rCorr  .         Reflect  .     (no ring)
SustAt .         Harm     .     (no ring)
MR     .....                    (no ring)
Stlth  +++.......               (no ring)
                                (no ring)
                                (no ring)
                                (no ring)

@: not resistant to hostile enchantments, fairly stealthy
A: almost no armour, amphibious, 8 rings, constrict 8, camouflage 1, gelatinous
body 1
a: no special abilities


You were on level 2 of the Dungeon.
You were hungry.

You visited 1 branch of the dungeon, and saw 2 of its levels.

You collected 66 gold pieces.

Inventory:

Hand Weapons
 a - a +0 short sword (weapon)
 l - a +0 hunting sling
Missiles
 j - 95 stones (quivered)
Armour
 k - a +0 shield (worn)
Wands
 b - a wand of flame (15/48)
 c - a wand of enslavement (15/24)
 d - a wand of random effects (15/48)
Scrolls
 e - 2 scrolls of identify {unknown}
 h - a scroll of magic mapping {unknown}
 m - 2 scrolls of blinking {unknown}
Potions
 n - a potion of might {unknown}
Comestibles
 f - a bread ration
 i - a meat ration


   Skills:
 - Level 1.0 Fighting
 - Level 1.0 Short Blades
 + Level 1.3 Slings
 - Level 2.0 Dodging
 - Level 3.3 Stealth
 + Level 2.0 Shields
 - Level 3.2 Evocations


You had 2 spell levels left.
You didn't know any spells.

Dungeon Overview and Level Annotations

Branches:
Dungeon (2/15)

Altars:

Annotations:
D:2 Natasha


Innate Abilities, Weirdness & Mutations

You cannot wear most types of armour.
You are amphibious.
You can wear up to eight rings at the same time.
You can use your tentacles to constrict eight enemies at once.
Your skin changes colour to match your surroundings (Stealth).
Your rubbery body absorbs attacks (AC +1).


Message History

Wield which item (- for none, * to show all)? (? for menu, Esc to quit)
a - a +0 short sword (weapon)
Natasha claws you.
* * * LOW HITPOINT WARNING * * *
You hit Natasha but do no damage. Your grab misses Natasha.
Natasha is heavily wounded.
You block Natasha's attack.
You hit Natasha. You grab Natasha.
Natasha is heavily wounded.
You constrict Natasha, but do no damage.
Natasha barely misses you.
Drink which item? (? for menu, Esc to quit)
It was a potion of curing.
You feel better.
You constrict Natasha. Natasha claws you.
You hit Natasha.
Natasha is almost dead.
You constrict Natasha. Natasha casts a spell at you. The magic dart hits you!
You die...

..(... ..... ?...
.(. #.5 #5# #h##
#.##@.###########
#...(....[......#
#####..########.#
#......# #.#
#......# #.#
#....... #.#
#.......# #.#
#.....#.# #.#
#.....#.# #.#


You could see Natasha, a crimson imp and a white imp.

Vanquished Creatures
  Natasha (D:2)
  A worm (D:2)
  A dart slug (D:1)
  A giant gecko (D:1)
  2 ball pythons (D:1)
  4 hobgoblins (D:1)
  4 bats
  2 giant newts
  3 goblins
  4 kobolds (D:1)
  2 rats (D:1)
25 creatures vanquished.

Notes
Turn   | Place    | Note
--------------------------------------------------------------
     0 | D:1      | M4edhros the Octopode Artificer began the quest for the Orb.
     0 | D:1      | Reached XP level 1. HP: 13/13 MP: 3/3
   247 | D:1      | Reached XP level 2. HP: 9/18 MP: 4/4
   683 | D:1      | Reached skill level 1 in Shields
  1064 | D:2      | Noticed Natasha
  1072 | D:2      | Noticed a crimson imp
  1078 | D:2      | Killed Natasha
  1078 | D:2      | Reached skill level 1 in Slings
  1078 | D:2      | Reached XP level 3. HP: 13/23 MP: 5/5
  1555 | D:2      | Noticed Natasha
  1568 | D:2      | Killed from afar by Natasha

Vault maps used:
D:1:      ncdulo_smallfort, st_stairs_3
D:2:      uniq_natasha

Skill      XL: |  1  2  3 |
---------------+----------+-----
Stealth        | 2 3 |  3.3
Shields        | 1 2 |  2.0
Slings         | 1 |  1.3
Fighting       | |  1.0
Short Blades   | |  1.0
Dodging        | |  2.0
Evocations     | |  3.2

Action                   || total
-------------------------++-------
Melee: Short sword       ||    54
       Constrict         ||    14
       Tentacles         ||     8
 Fire: Hunting sling     ||    19
  Use: Potion            ||     1
 Stab: Sleeping          ||     5
  Eat: Chunk             ||     1
Armor: Skin              ||     4
Dodge: Dodged            ||    36
Block: Shield            ||    14
